 Dungeon Crawl Stone Soup version 0.30-a0-711-gf4ac18a38d (webtiles) character file.

Game seed: 16701276355400621011

44 wormed the Firebug (level 3, 0/26 HPs)
             Began as a Demonspawn Fire Elementalist on Jan 22, 2023.
             Slain by a jackal (3 damage)
             ... on level 2 of the Dungeon.
             The game lasted 00:02:24 (1690 turns).

wormed the Firebug (Demonspawn Fire Elementalist)   Turns: 1690, Time: 00:02:24

Health: 0/26       AC:  2    Str:  8    XL:     3   Next: 41%
Magic:  6/6        EV: 12    Int: 18    God:
Gold:   124        SH:  0    Dex: 13    Spells: 3/6 levels left

rFire   . . .      SeeInvis .    c - +0 quarterstaff
rCold   . . .      Faith    .    (shield currently unavailable)
rNeg    . . .      Spirit   .    a - +0 robe
rPois   .          Reflect  .    (helmet restricted)
rElec   .          Harm     .    (no cloak)
rCorr   .          Rampage  .    (no gloves)
Will    .....                    (no boots)
Stlth   ++                       (no amulet)
HPRegen 0.24/turn                g - ring of wizardry
MPRegen 0.10/turn                (no ring)

@: lethally poisoned (0 -> -2)
A: horns 1, demonic guardian 1
a: no special abilities


You were on level 2 of the Dungeon.
You visited 1 branch of the dungeon, and saw 2 of its levels.

You collected 124 gold pieces.

Inventory:

Hand Weapons
 c - a +0 quarterstaff (weapon)
 d - a +0 club
Armour
 a - a +0 robe (worn)
Jewellery
 g - a ring of wizardry (left hand)
Potions
 b - a potion of magic
 e - a potion of flight {unknown}
 f - 2 potions of mutation {unknown}


   Skills:
 + Level 1.0 Fighting
 + Level 2.1 Dodging
 + Level 2.2 Stealth
 + Level 2.2 Spellcasting
 + Level 1.6 Conjurations
 + Level 2.9 Fire Magic


You had 3 spell levels left.
You knew the following spells:

 Your Spells              Type           Power      Damage    Failure   Level
a - Foxfire               Conj/Fire      40%        2x1d6     2%          1
b - Scorch                Fire           24%        2d6       3%          2

Your spell library contained the following spells:

 Spells                   Type           Power      Damage    Failure   Level
 Kiss of Death            Conj/Necr      20%        2d7       5%          1
 Inner Flame              Hex/Fire       7%         N/A       12%         3
 Kindle Blastsparks       Fire/Tloc/Air  10%        2d10      14%         3
 Confusing Touch          Hex            2%         N/A       21%         3
 Flame Wave               Conj/Fire      10%        2d6       26%         4
 Dispel Undead            Necr           2%         3d7       54%         4


Dungeon Overview and Level Annotations

Branches:
Dungeon (2/15)

Altars:

Shops:
D:1 (


Innate Abilities, Weirdness & Mutations

You have a pair of small horns on your head.
A weak demonic guardian rushes to your aid.


Message History

You are too injured to fight recklessly!
You are too injured to fight recklessly!
You are too injured to fight recklessly!
You are too injured to fight recklessly!
You are too injured to fight recklessly!
You are too injured to fight recklessly!
You are too injured to fight recklessly!
You are too injured to fight recklessly!
You are too injured to fight recklessly!
You are too injured to fight recklessly!
You are too injured to fight recklessly!
You are too injured to fight recklessly!
You are too injured to fight recklessly!
You are too injured to fight recklessly!
You are too injured to fight recklessly!
You are too injured to fight recklessly!
You are too injured to fight recklessly!
You are too injured to fight recklessly!
You are too injured to fight recklessly!
You are too injured to fight recklessly!
You are too injured to fight recklessly!
You are too injured to fight recklessly!
You are too injured to fight recklessly!
You are too injured to fight recklessly!
You are too injured to fight recklessly!
You are too injured to fight recklessly!
You are too injured to fight recklessly!
You sock the jackal!
You kill the jackal!
You feel sick. The jackal closely misses you.
You hit the jackal.
The jackal is almost dead.
You feel sick. The jackal bites you.
* * * LOW HITPOINT WARNING * * *
A demonic guardian appears!
The jackal misses you.
You closely miss the jackal.
The jackal is almost dead.
* * * LOW HITPOINT WARNING * * *
You feel sick. The jackal bites you.
You die...

....###..
.........
###........
#..........
###..........
#............ #
#.)†h......
#.###..@##
#.......5#
.........#
.........#
.........########
.................
..........#######
...######.##....#
... #.##.##.#


You could see a jackal (ally target) and a friendly shadow imp (summoned).

Vanquished Creatures
  An adder (D:2)
  2 dart slugs
  3 bats (D:1)
  2 endoplasms
  2 giant cockroaches (D:1)
  A hobgoblin (D:1)
  6 jackals
  A frilled lizard (D:2)
  6 goblins
  2 kobolds (D:1)
  4 rats (D:1)
  2 bushes (D:1)
32 creatures vanquished.

Vanquished Creatures (others)
  31 foxfires (D:1)
  2 plants (D:1)
33 creatures vanquished.

Grand Total: 65 creatures vanquished

Notes
Turn   | Place    | Note
-------+----------+-------------------------------------------
     0 | D:1      | wormed the Demonspawn Fire Elementalist began the quest for
                  | the Orb.
     0 | D:1      | Reached XP level 1. HP: 13/13 MP: 3/3
   311 | D:1      | Gained mutation: You have a pair of small horns on your
                  | head. [demonic ancestry]
   311 | D:1      | Reached XP level 2. HP: 20/20 MP: 0/5
   965 | D:1      | Learned a level 2 spell: Scorch
  1039 | D:1      | Found Kuzelifu's Weapon Shoppe.
  1660 | D:2      | Gained mutation: A weak demonic guardian rushes to your
                  | aid. [demonic ancestry]
  1660 | D:2      | Reached XP level 3. HP: 25/25 MP: 6/6
  1684 | D:2      | Reached skill level 1 in Fighting
  1690 | D:2      | Slain by a jackal

Illustrated notes

Levels and vault maps discovered:
D:1:      lemuel_arrival_tunnels, layout_basic, serial_shops,
          nicolae_shop_bloodbath_and_beyond, serial_forest,
          infiniplex_forest_end_3, infiniplex_forest_lined_2,
          infiniplex_forest_straight_1, infiniplex_forest_lined_ring,
          infiniplex_forest_clump_large, infiniplex_forest_lined_4_way,
          nicolae_titane
D:2:      layout_basic, hellmonk_ecumenical_altar_lost_god,
          minmay_three_crescents, uniq_natasha

Skill      XL: |  1  2  3 |
---------------+----------+-----
Stealth        | 2 |  2.2
Dodging        | 2 |  2.1
Fighting       | 1 |  1.0
Spellcasting   | |  2.2
Conjurations   | |  1.6
Fire Magic     | |  2.9

Action                     || total
---------------------------++-------
  Melee: Unarmed           ||     7
         Club              ||   287
         Quarterstaff      ||   152
         Headbutt          ||   139
         Punch             ||     8
   Cast: Foxfire           ||    23
         Scorch            ||     1
    Use: Scroll            ||     2
   Stab: Sleeping          ||     1
 Armour: Robe              ||    29
  Dodge: Dodged            ||    91

Table legend: (Time is in decaauts)
 A = Elapsed time spent in this place.
 B = Non-inter-level travel time spent in this place.
 C = Inter-level travel time spent in this place.
 D = Time resting spent in this place.
 E = Time spent auto-exploring this place.
 F = Levels seen in this place.
 G = Mean time per level.
                   A        B        C        D        E       F      G
               +--------+--------+--------+--------+--------+-----+--------+
         Total |   1819 |   1808 |     11 |      0 |   1058 |   2 |  909.5 |
       Dungeon |   1819 |   1808 |     11 |      0 |   1058 |   2 |  909.5 |
               +--------+--------+--------+--------+--------+-----+--------+

Top non-repeatable levels by time:
     D:1: 1759 daAuts
     D:2: 59 daAuts
